 Dungeon Crawl Stone Soup version 0.22.1-6-g1668fe2 (webtiles) character file.

39 snilloc10 the Shooter (level 3, -1/32 HPs)
             Began as a Deep Dwarf Hunter on Jan 19, 2019.
             Slain by an adder (2 damage)
             ... on level 2 of the Dungeon.
             The game lasted 00:29:34 (4934 turns).

snilloc10 the Shooter (Deep Dwarf Hunter)           Turns: 4934, Time: 00:29:35

Health: -1/32      AC:  7    Str: 14 (15) XL:     3   Next: 26%
Magic:  3/3        EV: 11    Int:  9 (11) God:
Gold:   85         SH:  0    Dex: 11 (14) Spells: 2/2 levels left

rFire    . . .     SeeInvis .   b - +0 short sword
rCold    . . .     Gourm    .   (no shield)
rNeg     . . .     Faith    .   h - +1 ring mail {hi}
rPois    .         Spirit   .   (no helmet)
rElec    .         Reflect  .   m - +0 cloak
rCorr    .         Harm     .   (no gloves)
MR       .....                  (no boots)
Stlth    +.........             (no amulet)
HPRegen  0.00/turn              (no ring)
MPRegen  0.08/turn              (no ring)

@: lethally poisoned (-1 -> -1), flying, non-regenerating
A: damage resistance, heal wounds, sense surroundings 1, no regeneration
a: Heal Wounds


You were on level 2 of the Dungeon.
You were not hungry.

You visited 1 branch of the dungeon, and saw 2 of its levels.

You collected 85 gold pieces.

Inventory:

Hand Weapons
 a - a +1 shortbow
 b - a +0 short sword (weapon)
 g - a +0 club
 k - a +0 club
 p - a +0 whip of draining
 r - a +0 hunting sling
 s - a +0 dagger
 v - a +0 short sword
 w - a +0 whip
Missiles
 d - 3 arrows
 x - 8 poisoned needles (quivered)
 y - 57 stones
Armour
 c - a +0 leather armour
 h - a +1 ring mail (worn) {hi}
 j - a +0 leather armour
 m - a +0 cloak (worn)
 q - a +0 pair of gloves
Jewellery
 o - an uncursed ring of flight {unknown}
Scrolls
 t - a scroll of identify {unknown}
 u - a scroll of fear {unknown}
Potions
 i - a potion of curing
 z - a potion of lignification {unknown}
Comestibles
 f - 4 rations


   Skills:
 + Level 1.9 Fighting
 + Level 0.5 Short Blades
 * Level 3.4 Bows
 + Level 1.3 Armour
 + Level 2.3 Dodging
 + Level 1.2 Stealth


You had 2 spell levels left.
You didn't know any spells.
Your spell library was empty.

Dungeon Overview and Level Annotations

Branches:
Dungeon (2/15)

Altars:


Innate Abilities, Weirdness & Mutations

You are resistant to damage.
You can heal yourself by infusing magical energy.
You passively map a small area around you.
You do not regenerate.


Message History

Your +0 ring mail {hi} glows green for a moment.
The bat barely misses you. The adder barely misses you.
The adder bites you but does no damage.
Unknown command.
As you read the scroll labeled KADAUN MICAIN, it crumbles to dust.
It is a scroll of amnesia.
You feel forgetful for a moment. The bat misses you.
The adder bites you but does no damage. The bat barely misses you.
The bat hits you but does no damage. The bat hits you but does no damage.
The bat hits you. The bat closely misses you.
You barely miss the bat.
The bat is severely wounded.
The bat hits you but does no damage. The adder closely misses you.
The bat hits you but does no damage.
You completely miss the adder.
The adder is lightly wounded.
The bat closely misses you. The bat hits you but does no damage.
The adder bites you.
You die...

#.......### *
#####.....##* *
* ##.##..... ,
#.##.#### , ,*
#######.##.# , ,
...........## *
######.###..# ,
, #...#).# * * ,
###@S#.########(
*,*
##b.....).((.( *
###.#((.(..## *
#...((##.# , * ,
*.........#, , ,
#.######.(.. *
#. * ..(## .#..#
, * .#..#


You could see an adder and a bat.

Vanquished Creatures
  3 dart slugs
  4 leopard geckos
  A bat (D:1)
  A giant cockroach (D:1)
  5 hobgoblins
  2 jackals (D:1)
  A frilled lizard (D:1)
  3 goblins
  3 kobolds
  5 rats (D:1)
28 creatures vanquished.

Notes
Turn   | Place    | Note
-------+----------+-------------------------------------------
     0 | D:1      | snilloc10 the Deep Dwarf Hunter began the quest for the
                  | Orb.
     0 | D:1      | Reached XP level 1. HP: 19/19 MP: 1/1
    38 | D:1      | Reached skill level 3 in Bows
    91 | D:1      | Reached XP level 2. HP: 17/26 MP: 2/2
   729 | D:1      | Reached skill level 1 in Armour
   852 | D:1      | Reached XP level 3. HP: 7/32 MP: 3/3
  4917 | D:2      | HP: 1/32 [adder (1)]
  4934 | D:2      | Slain by an adder

Skill      XL: |  1  2 |
---------------+-------+-----
Bows           | 3 |  3.4
Armour         | 1 |  1.3
Fighting       | |  1.9
Short Blades   | |  0.5
Dodging        | |  2.3
Stealth        | |  1.2

Action                   || total
-------------------------++-------
Melee: Short sword       ||    55
       Club              ||    21
       Whip              ||     9
 Fire: Shortbow          ||    53
  Use: Potion            ||     3
       Scroll            ||     2
  Eat: Ration            ||     4
Armor: Leather armour    ||    10
       Ring mail         ||    26
Dodge: Dodged            ||    88
